 Dungeon Crawl Stone Soup version 0.27.1-2-g3b301248ec (webtiles) character file.

Game seed: 4173722183819757602

119 Descartes the Conjurer (level 4, -5/27 HPs)
             Began as a Deep Elf Wanderer on Oct 2, 2021.
             Killed from afar by Sigmund (8 damage)
             ... with a puff of flame
             ... on level 2 of the Dungeon.
             The game lasted 00:06:39 (3505 turns).

Descartes the Conjurer (Deep Elf Wanderer)          Turns: 3505, Time: 00:06:39

Health: -5/27      AC:  2    Str: 11    XL:     4   Next: 74%
Magic:  9/9        EV: 12    Int: 17    God:
Gold:   142        SH:  0    Dex: 13    Spells: 4/7 levels left

rFire    . . .     SeeInvis +   q - +1 short sword (drain)
rCold    . . .     Faith    .   (no shield)
rNeg     . . .     Spirit   .   c - +0 robe
rPois    .         Reflect  .   (no helmet)
rElec    .         Harm     .   (no cloak)
rCorr    .         Rampage  .   (no gloves)
Will     .....                  (no boots)
Stlth    +.........             (no amulet)
HPRegen  0.09/turn              j - ring of see invisible
MPRegen  0.11/turn              (no ring)

@: confused
A: no striking features
a: no special abilities


You were on level 2 of the Dungeon.
You visited 1 branch of the dungeon, and saw 3 of its levels.

You collected 142 gold pieces.

Inventory:

Hand Weapons
 a - a +0 falchion
 q - a +1 short sword of draining (weapon)
Missiles
 d - 131 stones
 e - 57 arrows
 g - 31 poisoned darts
 k - 40 sling bullets
Armour
 c - a +0 robe (worn)
Jewellery
 j - a ring of see invisible (left hand)
Scrolls
 f - 2 scrolls of noise {unknown}
 l - a scroll of amnesia {unknown}
 o - a scroll of identify {unknown}
Potions
 h - 2 potions of might {unknown}
 i - a potion of attraction {unknown}
 m - a potion of curing {unknown}
 n - a potion of resistance {unknown}
 p - a potion of degeneration {unknown}
Miscellaneous
 b - a piece from Xom's chessboard (15/15)


   Skills:
 - Level 2.4 Fighting
 - Level 2.4 Dodging
 - Level 1.2 Stealth
 + Level 2.4 Spellcasting
 + Level 4.3 Conjurations
 + Level 2.6 Translocations
 - Level 1.1 Evocations


You had 4 spell levels left.
You knew the following spells:

 Your Spells              Type           Power      Damage    Failure   Level
a - Magic Dart            Conj           64%        1d6       3%          1
b - Blink                 Tloc           N/A        N/A       10%         2

Your spell library contained the following spells:

 Spells                   Type           Power      Damage    Failure   Level
 Conjure Flame            Conj/Fire      9%         6-21      22%         3
 Call Imp                 Summ           2%         N/A       28%         2
 Slow                     Hex            2%         N/A       28%         2
 Mephitic Cloud           Conj/Pois/Air  6%         N/A       30%         3


Dungeon Overview and Level Annotations

Branches:
Dungeon (3/15)

Altars:
Cheibriados

Annotations:
D:2 Sigmund


Message History

You are confused.
Sigmund casts a spell at you. The magic dart hits you.
You bump into the rock wall.
Sigmund points at you and mumbles some strange words.
You resist with some effort.
You're too confused to move!
Sigmund gestures at you while chanting. The magic dart hits you.
You bump into the rock wall.
You feel less confused. Sigmund hits you but does no damage.
Sigmund points at you and mumbles some strange words.
You are confused.
You bump into the rock wall.
You bump into the rock wall.
You bump into the rock wall.
Sigmund points at you and mumbles some strange words.
The puff of flame hits you!
You're too confused to move!
You feel less confused. Sigmund closely misses you.
Sigmund gestures at you while chanting. The magic dart hits you.
Sigmund giggles. "Time to reap what you sow."
You see here a +0 whip.
Sigmund gestures at you while chanting. You resist with some effort.
Sigmund gestures at you while chanting. The magic dart hits you.
* * * LOW HITPOINT WARNING * * *
Sigmund casts a spell at you. The magic dart hits you!
* * * LOW HITPOINT WARNING * * *
Sigmund points at you and mumbles some strange words.
You are confused.
You bump into the rock wall.
Sigmund points at you and mumbles some strange words.
The puff of flame hits you!
You die...

##.#
#####.#####
...#
#.....@.#
##.#
#.###.#.#
#.# #.#
#.#.# ##.#
#.# #.#.#
...#
##.###.#.#
.#.#
#......#.#
.#.#
#..#####.#
.#.#
#..#####@#
.#.#
#.....<..#
.#.###
#.########
.....# #.#
.....####.#
.......##.#
.....#.##.#
.....#.##.#
.#......>.#


You could see Sigmund.

Vanquished Creatures
  Jessica (D:2)
  3 gnolls (D:3)
  An adder (D:2)
  3 endoplasms
  3 giant cockroaches
  5 goblins
  5 hobgoblins
  7 jackals (D:1)
  9 kobolds
  A quokka (D:3)
  2 ball pythons (D:1)
  5 bats
  A frilled lizard (D:1)
  6 rats
52 creatures vanquished.

Notes
Turn   | Place    | Note
-------+----------+-------------------------------------------
     0 | D:1      | Descartes the Deep Elf Wanderer began the quest for the
                  | Orb.
     0 | D:1      | Descartes set off with the following items: a +0 falchion,
                  | a piece from Xom's chessboard (15/15), a +0 robe; and the
                  | following spell memorised: Magic Dart; and the following
                  | spells available to memorise: Blink, Call Imp, Slow,
                  | Conjure Flame, Mephitic Cloud
     0 | D:1      | Reached XP level 1. HP: 13/13 MP: 5/5
   157 | D:1      | Reached skill level 1 in Conjurations
   328 | D:1      | Reached XP level 2. HP: 18/18 MP: 4/6
   387 | D:1      | Reached skill level 2 in Conjurations
  1387 | D:1      | Reached skill level 3 in Conjurations
  1387 | D:1      | Reached XP level 3. HP: 22/22 MP: 3/7
  1769 | D:2      | Noticed Sigmund
  2347 | D:2      | Noticed Jessica
  2352 | D:2      | Killed Jessica
  2353 | D:2      | Reached skill level 4 in Conjurations
  2356 | D:2      | Learned a level 2 spell: Blink
  2419 | D:2      | Found a faded altar of an unknown god.
  2537 | D:2      | Reached XP level 4. HP: 27/27 MP: 3/8
  3189 | D:3      | Found a snail-covered altar of Cheibriados.
  3505 | D:2      | Killed from afar by Sigmund

Illustrated notes

Levels and vault maps discovered:
D:1:      dpeg_arrival_prison, layout_basic
D:2:      layout_loops_ring, hellmonk_ecumenical_altar_inner_sanctum,
          uniq_sigmund, uniq_jessica
D:3:      layout_loops_ring, mainiacjoe_overflow_catwalk

Skill      XL: |  1  2  3  4 |
---------------+-------------+-----
Conjurations   | 1 3 4 |  4.3
Spellcasting   | 2 |  2.4
Fighting       | |  2.4
Dodging        | |  2.4
Stealth        | |  1.2
Translocations | |  2.6
Evocations     | |  1.1

Action                   |  1- 3 |  4- 6 || total
-------------------------+-------+-------++-------
Melee: Falchion          |    13 |       ||    13
 Cast: Magic Dart        |   104 |    47 ||   151
Armor: Robe              |    10 |     3 ||    13
Dodge: Dodged            |    40 |     9 ||    49
       Rpst.: Falchion   |    12 |       ||    12
